 Dungeon Crawl Stone Soup version 0.29.1-2-gbd0b4ee654 (webtiles) character file.

Game seed: 4130501111364152481

4 Avanven the Trooper (level 1, 0/19 HPs)
             Began as a Palentonga Fighter on Nov 13, 2022.
             Slain by a jackal (2 damage)
             ... on level 1 of the Dungeon.
             The game lasted 00:01:45 (211 turns).

Avanven the Trooper (Palentonga Fighter)             Turns: 211, Time: 00:01:45

Health: 0/19       AC:  6    Str: 21    XL:     1   Next: 58%
Magic:  1/1        EV:  7    Int:  8    God:
Gold:   24         SH:  4    Dex:  9    Spells: 0/0 levels left

rFire   . . .      SeeInvis +   a - +0 flail
rCold   . . .      Faith    .   c - +0 buckler
rNeg    . . .      Spirit   .   b - +0 scale mail
rPois   .          Reflect  .   (no helmet)
rElec   .          Harm     .   (no cloak)
rCorr   .          Rampage  .   (no gloves)
Will    .....                   (no barding)
Stlth   ..........              (no amulet)
HPRegen 0.06/turn               (no ring)
MPRegen 0.07/turn               (no ring)

@: mighty
A: large, rugged brown scales 3, see invisible, deformed body, roll 1, armoured
tail
a: Rolling Charge


You were on level 1 of the Dungeon.
You visited 1 branch of the dungeon, and saw 1 of its levels.

You collected 24 gold pieces.

Inventory:

Hand Weapons
 a - a +0 flail (weapon)
Armour
 b - a +0 scale mail (worn)
 c - a +0 buckler (worn)


   Skills:
 - Level 3.0 Fighting
 * Level 2.4 Maces & Flails
 - Level 2.4 Armour
 - Level 2.6 Shields


You couldn't memorise any spells.
You didn't know any spells.
Your spell library was empty.

Dungeon Overview and Level Annotations

Branches:
Dungeon (1/15)

Altars:


Innate Abilities, Weirdness & Mutations

You are completely covered in rugged brown scales. (AC +3, +7% HP)
You have supernaturally acute eyesight. (SInv)
Armour fits poorly on your strangely shaped body.
You can roll at nearby foes to attack.
You have a long armoured tail.


Message History

The jackal barks!
You hear a bark!
A jackal comes into view.
There are monsters nearby!
A jackal comes into view.
You roll forward with a clatter of scales!
You miss the jackal.
The jackal bites you but does no damage.
The jackal bites you.
You closely miss the jackal. The jackal bites you.
The jackal barely misses you. x2; You block the jackal's attack.
The jackal bites you but does no damage.
You hit the jackal.
The jackal is severely wounded.
The jackal bites you but does no damage.
You block the jackal's attack. The jackal closely misses you.
The jackal barely misses you.
The jackal bites you but does no damage.
You closely miss the jackal.
The jackal is severely wounded.
The jackal bites you.
The jackal bites you but does no damage.
The jackal bites you. x2
The jackal bites you but does no damage.
You are too injured to fight recklessly!
You are too injured to fight recklessly!
You are too injured to fight recklessly!
You block the jackal's attack.
The jackal bites you but does no damage.
The jackal attacks as you move away!
The jackal bites you but does no damage.
The jackal attacks as you move away! The jackal barely misses you.
The jackal attacks as you move away! You block the jackal's attack.
The jackal bites you.
* * * LOW HITPOINT WARNING * * *
The jackal attacks as you move away! The jackal bites you.
* * * LOW HITPOINT WARNING * * *
You feel very mighty all of a sudden.
The jackal bites you but does no damage.
You barely miss the jackal. The jackal bites you.
You die...

.. #.###.##### ##.####.#
#.....( #.......###......
#..##........###.
#..##.##########.
######..##.# #......†#
#........#.# #.##.###.
.#####.####.^.#.# #.##.#
#. .......h.h@(....#
#.##.# #( ####...#h##..###
#.##.#### #...#.##..#
#.##.#... ####...#.##..#
#.##.#.#. #.........#..#
###........ #........>#..#
#...##.#.#. #.........#..#
#.#.##.#...
#.##...#.##..###.#########
#. ....#.# #...........#


You could see 3 jackals.

Vanquished Creatures
  An endoplasm (D:1)
  A giant cockroach (D:1)
  A hobgoblin (D:1)
  A rat (D:1)
4 creatures vanquished.

Notes
Turn   | Place    | Note
-------+----------+-------------------------------------------
     0 | D:1      | Avanven the Palentonga Fighter began the quest for the Orb.
     0 | D:1      | Reached XP level 1. HP: 19/19 MP: 1/1
   211 | D:1      | Slain by a jackal

Illustrated notes

Levels and vault maps discovered:
D:1:      shiori_arrival_oz, layout_loops_ring, minmay_vboxes

Action                   || total
-------------------------++-------
Melee: Flail             ||    15
 Abil: Rolling Charge    ||     4
  Use: Potion            ||     1
Armor: Scale mail        ||    13
Dodge: Dodged            ||     7
Block: Buckler           ||     4
